3L
PHILADELPHIA 1776 BC @ HARTFORD WHALERS
08/06/2024
 
TOP OF THE 1ST
Philadelphia 1776 BC batting - Pitching for Hartford Whalers : RHP Glenn West
Pitching: RHP Glenn West
Batting: RHB Jesús Orozco 0-0: Swinging Strike
0-1: Ball
1-1: Ball
2-1: Swinging Strike
2-2: Ball
3-2: Foul Ball, location: 2F
3-2: Base on Balls
Batting: LHB Cliff Aldridge 0-0: Ball
1-0: Swinging Strike
1-1: Ball
2-1: Ball
3-1: Base on Balls
Jesús Orozco to second
Batting: LHB Héctor Torres 0-0: Ball
1-0: SINGLE (Groundball, 3D)
Jesús Orozco to third
Cliff Aldridge to second
Runner from 3rd tries for Home, SAFE, no throw or cutoff
Batting: RHB Jesús Rodríguez 0-0: Ball
1-0: Ball
2-0: Called Strike
2-1: Called Strike
2-2: Ground out 5-3 (Groundball, 5S)
Cliff Aldridge to third
Héctor Torres to second
Batting: RHB António Granados 0-0: Foul Ball, location: 2F
0-1: Foul Ball, location: 2F
0-2: Ball
1-2: Foul Ball, location: 2F
1-2: Ball
Wild Pitch!
Cliff Aldridge scores
Héctor Torres to third
2-2: Ball
3-2: Ground out 4-3 (Groundball, 4S)
Héctor Torres scores
Batting: RHB Yuji Ine 0-0: Called Strike
0-1: Ball
1-1: Called Strike
1-2: Ball
2-2: Strikes out swinging
Top of the 1st over - 3 run(s), 1 hit(s), 0 error(s), 0 left on base; Philadelphia 1776 3 - Hartford 0
BOTTOM OF THE 1ST
Hartford Whalers batting - Pitching for Philadelphia 1776 BC : RHP Billy Crawford
Pitching: RHP Billy Crawford
Batting: RHB Edmund Gallagher 0-0: SINGLE (Groundball, 6MD)
Batting: SHB Virgil Eberle 0-0: Called Strike
0-1: Hit by Pitch
Edmund Gallagher to second
Pinch Runner at 1st Dave Farr:
Batting: LHB Keith Spear 0-0: Called Strike
0-1: Ball
1-1: Foul Ball, location: 2F
1-2: Foul Ball, location: 2F
1-2: Strikes out swinging
Batting: SHB Al Anderson 0-0: Called Strike
0-1: Ball
1-1: Ball
2-1: Ball
3-1: Fly out, F8 (Flyball, 78D)
Batting: LHB Ray Merrill 0-0: Called Strike
0-1: Ball
1-1: Ball
2-1: Ground out 2-3 (Groundball, 13S)
Bottom of the 1st over - 0 run(s), 1 hit(s), 0 error(s), 2 left on base; Philadelphia 1776 3 - Hartford 0
TOP OF THE 2ND
Philadelphia 1776 BC batting - Pitching for Hartford Whalers : RHP Glenn West
Batting: RHB Russell Jackson 0-0: Ball
1-0: Ball
2-0: Called Strike
2-1: DOUBLE (Flyball, 78XD)
Batting: SHB Jesús Cabañe 0-0: Foul Ball, location: 2F
0-1: Ball
1-1: Ground out 4-3 (Groundball, 4)
Russell Jackson to third
Batting: RHB Dave Morris 0-0: Ball
1-0: Foul Ball, location: 2F
1-1: Foul Ball, location: 2F
1-2: Ground out 5-3 (Groundball, 15S)
Russell Jackson scores
Batting: RHB Jesús Orozco 0-0: Ground out 6-3 (Groundball, 6)
Top of the 2nd over - 1 run(s), 1 hit(s), 0 error(s), 0 left on base; Philadelphia 1776 4 - Hartford 0
BOTTOM OF THE 2ND
Hartford Whalers batting - Pitching for Philadelphia 1776 BC : RHP Billy Crawford
Batting: RHB Joe Craig 0-0: Called Strike
0-1: Ball
1-1: Ball
2-1: Fly out, F8 (Popup, 4MD)
Batting: RHB Jake Hutchinson 0-0: Ball
1-0: Called Strike
1-1: Fly out, F9 (Flyball, 89M)
Batting: RHB Juan Tapia 0-0: Ball
1-0: Foul Ball, location: 2F
1-1: DOUBLE (Line Drive, 9LS)
Batting: RHB Henry Jones 0-0: Foul Ball, location: 2F
0-1: Swinging Strike
0-2: Ball
Wild Pitch!
Juan Tapia to third
1-2: Strikes out swinging
Bottom of the 2nd over - 0 run(s), 1 hit(s), 0 error(s), 1 left on base; Philadelphia 1776 4 - Hartford 0
TOP OF THE 3RD
Philadelphia 1776 BC batting - Pitching for Hartford Whalers : RHP Glenn West
Batting: LHB Cliff Aldridge 0-0: TRIPLE (Flyball, 78XD)
Batting: LHB Héctor Torres 0-0: Foul Ball, location: 2F
0-1: Ball
1-1: Ball
2-1: Called Strike
2-2: Foul Ball, location: 2F
2-2: Foul Ball, location: 2F
2-2: SINGLE (Groundball, 34D)
Cliff Aldridge scores
Batting: RHB Jesús Rodríguez 0-0: Ball
1-0: Ball
2-0: Called Strike
2-1: Foul Ball, location: 2F
2-2: Foul Ball, location: 2F
2-2: DOUBLE (Line Drive, 9LM)
Héctor Torres to third
Batting: RHB António Granados 0-0: Ball
1-0: Called Strike
1-1: Ball
2-1: Fly out, F6 (Popup, 6)
Batting: RHB Yuji Ine 0-0: Ball
1-0: Ground out 5-3 (Groundball, 56)
Héctor Torres scores
Batting: RHB Russell Jackson 0-0: Ball
1-0: Fly out, F4 (Popup, 4MD)
Top of the 3rd over - 2 run(s), 3 hit(s), 0 error(s), 1 left on base; Philadelphia 1776 6 - Hartford 0
BOTTOM OF THE 3RD
Hartford Whalers batting - Pitching for Philadelphia 1776 BC : RHP Billy Crawford
Batting: RHB Edmund Gallagher 0-0: Called Strike
0-1: Ground out 6-3 (Groundball, 6)
Batting: RHB Dave Farr 0-0: Called Strike
0-1: Foul Ball, location: 2F
0-2: Foul Ball, location: 2F
0-2: Ball
1-2: Ball
2-2: Strikes out swinging
Batting: LHB Keith Spear 0-0: Ball
1-0: Ball
2-0: Called Strike
2-1: Ground out 4-3 (Groundball, 4)
Bottom of the 3rd over - 0 run(s), 0 hit(s), 0 error(s), 0 left on base; Philadelphia 1776 6 - Hartford 0
TOP OF THE 4TH
Philadelphia 1776 BC batting - Pitching for Hartford Whalers : RHP Glenn West
Pitching: RHP Johnny Allen
Batting: SHB Jesús Cabañe 0-0: Called Strike
0-1: Ground out 4-3 (Groundball, 4)
Batting: RHB Dave Morris 0-0: Called Strike
0-1: Ball
1-1: Ball
2-1: Foul Ball, location: 2F
2-2: Foul Ball, location: 2F
2-2: Ball
3-2: SOLO HOME RUN (Line Drive, 78XD), Distance : 419 ft
Batting: RHB Jesús Orozco 0-0: Swinging Strike
0-1: Foul Ball, location: 2F
0-2: Foul Ball, location: 2F
0-2: Ball
1-2: Ground out 3-1 (Groundball, 34)
Batting: LHB Cliff Aldridge 0-0: Ball
1-0: Ball
2-0: Foul Ball, location: 2F
2-1: Ball
3-1: Ground out 3-1 (Groundball, 34)
Top of the 4th over - 1 run(s), 1 hit(s), 0 error(s), 0 left on base; Philadelphia 1776 7 - Hartford 0
BOTTOM OF THE 4TH
Hartford Whalers batting - Pitching for Philadelphia 1776 BC : RHP Billy Crawford
Batting: SHB Al Anderson 0-0: Foul Ball, location: 2F
0-1: SINGLE (Line Drive, 7LS)
Batting: LHB Ray Merrill 0-0: Ball
1-0: Called Strike
1-1: Ball
2-1: Fielders Choice at 2nd, 3-6 (Groundball, 3)
Batting: RHB Joe Craig 0-0: Ball
1-0: Ball
2-0: Swinging Strike
2-1: Foul Ball, location: 2F
2-2: Ball
3-2: DOUBLE (Line Drive, 3D)
Ray Merrill to third
Runner from 3rd tries for Home, SAFE, no throw or cutoff
Batting: RHB Jake Hutchinson 0-0: Called Strike
0-1: Ball
1-1: Foul Ball, location: 2F
1-2: Ball
2-2: SINGLE (Line Drive, 89S)
Joe Craig to third
Runner from 3rd tries for Home, SAFE, throw made home
Now in RF: Phil Ritchie
Batting: RHB Juan Tapia 0-0: Called Strike
0-1: Foul Ball, location: 2F
0-2: SINGLE (Line Drive, 8RS)
Jake Hutchinson to second
Batting: RHB Henry Jones 0-0: SINGLE (Line Drive, 34D)
Jake Hutchinson to third
Juan Tapia to second
Batting: RHB Edmund Gallagher 0-0: Ball
1-0: Grounds into double play, 6-4-3 (Groundball, 6)
Bottom of the 4th over - 2 run(s), 5 hit(s), 0 error(s), 2 left on base; Philadelphia 1776 7 - Hartford 2
TOP OF THE 5TH
Philadelphia 1776 BC batting - Pitching for Hartford Whalers : RHP Johnny Allen
Batting: LHB Héctor Torres 0-0: Ground out 4-3 (Groundball, 4)
Batting: RHB Jesús Rodríguez 0-0: Ball
1-0: Swinging Strike
1-1: Ball
2-1: Ball
3-1: Fly out, F9 (Flyball, 89D)
Batting: RHB António Granados 0-0: Foul Ball, location: 2F
0-1: Foul Ball, location: 2F
0-2: Foul Ball, location: 2F
0-2: Foul Ball, location: 2F
0-2: Ball
1-2: Foul Ball, location: 2F
1-2: Fly out, F4 (Popup, 8RS)
Top of the 5th over - 0 run(s), 0 hit(s), 0 error(s), 0 left on base; Philadelphia 1776 7 - Hartford 2
BOTTOM OF THE 5TH
Hartford Whalers batting - Pitching for Philadelphia 1776 BC : RHP Billy Crawford
Batting: RHB Dave Farr 0-0: Called Strike
0-1: Foul Ball, location: 2F
0-2: Ball
1-2: Ball
2-2: Ground out 4-3 (Groundball, 4)
Batting: LHB Keith Spear 0-0: Ball
1-0: SINGLE (Groundball, 34D)
Batting: SHB Al Anderson 0-0: Swinging Strike
0-1: Grounds into double play, 4-6-3 (Groundball, 4)
Bottom of the 5th over - 0 run(s), 1 hit(s), 0 error(s), 0 left on base; Philadelphia 1776 7 - Hartford 2
TOP OF THE 6TH
Philadelphia 1776 BC batting - Pitching for Hartford Whalers : RHP Johnny Allen
Batting: RHB Yuji Ine 0-0: Fly out, F9 (Flyball, 89S)
Batting: RHB Russell Jackson 0-0: Swinging Strike
0-1: Foul Ball, location: 2F
0-2: Strikes out swinging
Batting: SHB Jesús Cabañe 0-0: Ball
1-0: Swinging Strike
1-1: Ball
2-1: Foul Ball, location: 2F
2-2: Strikes out swinging
Top of the 6th over - 0 run(s), 0 hit(s), 0 error(s), 0 left on base; Philadelphia 1776 7 - Hartford 2
BOTTOM OF THE 6TH
Hartford Whalers batting - Pitching for Philadelphia 1776 BC : RHP Billy Crawford
Batting: LHB Ray Merrill 0-0: Ground out 4-3 (Groundball, 4)
Batting: RHB Joe Craig 0-0: Called Strike
0-1: Ball
1-1: Ball
2-1: Ball
3-1: Ground out 5-3 (Groundball, 5)
Batting: RHB Jake Hutchinson 0-0: Called Strike
0-1: Called Strike
0-2: Ball
1-2: DOUBLE (Line Drive, 78M)
Batting: RHB Juan Tapia 0-0: Swinging Strike
0-1: Foul Ball, location: 2F
0-2: Ball
1-2: Ball
2-2: Ball
3-2: Foul Ball, location: 2F
3-2: Base on Balls
Batting: RHB Henry Jones 0-0: Called Strike
0-1: Ball
1-1: Ball
2-1: Ground out 5-3 (Groundball, 15S)
Bottom of the 6th over - 0 run(s), 1 hit(s), 0 error(s), 2 left on base; Philadelphia 1776 7 - Hartford 2
TOP OF THE 7TH
Philadelphia 1776 BC batting - Pitching for Hartford Whalers : RHP Johnny Allen
Batting: RHB Dave Morris 0-0: Swinging Strike
0-1: Ground out 6-3 (Groundball, 6M)
Batting: RHB Jesús Orozco 0-0: Swinging Strike
0-1: Ball
1-1: SINGLE (Groundball, 25) (infield hit)
Batting: LHB Phil Ritchie 0-0: Called Strike
Jesús Orozco steals 2nd base
0-1: 2-RUN HOME RUN (Flyball, 89XD), Distance : 408 ft
Pitching: LHP Dale Stevens
Batting: LHB Héctor Torres 0-0: Ball
1-0: Ball
2-0: SOLO HOME RUN (Flyball, 89XD), Distance : 405 ft
Batting: RHB Jesús Rodríguez 0-0: Ball
1-0: Ball
2-0: Fly out, F8 (Flyball, 8RD)
Batting: RHB António Granados 0-0: Called Strike
0-1: Fly out, F9 (Flyball, 89M)
Top of the 7th over - 3 run(s), 3 hit(s), 0 error(s), 0 left on base; Philadelphia 1776 10 - Hartford 2
BOTTOM OF THE 7TH
Hartford Whalers batting - Pitching for Philadelphia 1776 BC : RHP Billy Crawford
Batting: RHB Edmund Gallagher 0-0: Fly out, F7 (Popup, 7LS)
Batting: RHB Dave Farr 0-0: Ground out 4-3 (Groundball, 4M)
Batting: LHB Keith Spear 0-0: Called Strike
0-1: Fly out, F8 (Flyball, 8RS)
Bottom of the 7th over - 0 run(s), 0 hit(s), 0 error(s), 0 left on base; Philadelphia 1776 10 - Hartford 2
TOP OF THE 8TH
Philadelphia 1776 BC batting - Pitching for Hartford Whalers : LHP Dale Stevens
Batting: RHB Yuji Ine 0-0: Ball
1-0: Ball
2-0: Swinging Strike
2-1: SOLO HOME RUN (Flyball, 7D), Distance : 380 ft
Batting: RHB Russell Jackson 0-0: Reached on error, E5 (Groundball, 5S)
Batting: SHB Jesús Cabañe 0-0: Ball
1-0: Foul Ball, location: 2F
1-1: Ball
2-1: Foul Ball, location: 2F
2-2: Ground out 6-3 (Groundball, 6S)
Russell Jackson to third
Batting: RHB Dave Morris 0-0: Ball
1-0: Foul Ball, location: 2F
1-1: Fly out, F7 (Popup, 5D)
Batting: RHB Jesús Orozco 0-0: Ball
1-0: Ball
2-0: Ball
3-0: Called Strike
3-1: Base on Balls
Batting: LHB Phil Ritchie 0-0: Called Strike
0-1: Foul Ball, location: 2F
0-2: Fly out, F8 (Popup, 8RS)
Top of the 8th over - 1 run(s), 1 hit(s), 1 error(s), 2 left on base; Philadelphia 1776 11 - Hartford 2
BOTTOM OF THE 8TH
Hartford Whalers batting - Pitching for Philadelphia 1776 BC : RHP Billy Crawford
Pinch Hitting: RHB Román Centena 0-0: Called Strike
0-1: Ground out 6-3 (Groundball, 6)
Batting: LHB Ray Merrill 0-0: Ball
1-0: Foul Ball, location: 2F
1-1: Ball
2-1: Called Strike
2-2: Strikes out swinging
Batting: RHB Joe Craig 0-0: Ball
1-0: Ball
2-0: Swinging Strike
2-1: Ground out 5-3 (Groundball, 56)
Bottom of the 8th over - 0 run(s), 0 hit(s), 0 error(s), 0 left on base; Philadelphia 1776 11 - Hartford 2
TOP OF THE 9TH
Philadelphia 1776 BC batting - Pitching for Hartford Whalers : LHP Dale Stevens
Now in RF: Román Centena
Batting: LHB Héctor Torres 0-0: Fly out, F9 (Line Drive, 9M)
Batting: RHB Jesús Rodríguez 0-0: Ball
1-0: Ball
2-0: Ball
3-0: Base on Balls
Batting: RHB António Granados 0-0: Ball
1-0: Ball
2-0: Fly out, F9 (Flyball, 89S)
Batting: RHB Yuji Ine 0-0: Ball
1-0: Ball
2-0: Swinging Strike
2-1: Fielders Choice at 2nd, U6 (Groundball, 6M)
Top of the 9th over - 0 run(s), 0 hit(s), 0 error(s), 1 left on base; Philadelphia 1776 11 - Hartford 2
BOTTOM OF THE 9TH
Hartford Whalers batting - Pitching for Philadelphia 1776 BC : RHP Billy Crawford
Pitching: RHP Brian Wheeler
Batting: RHB Jake Hutchinson 0-0: Foul Ball, location: 2F
0-1: Foul Ball, location: 2F
0-2: Fly out, F9 (Line Drive, 9M)
Pinch Hitting: RHB Phil Hayes 0-0: Ball
1-0: Foul Ball, location: 2F
1-1: Foul Ball, location: 2F
1-2: Foul Ball, location: 2F
1-2: Strikes out looking
Batting: RHB Henry Jones 0-0: Ball
1-0: Fly out, F8 (Flyball, 8RS)
Bottom of the 9th over - 0 run(s), 0 hit(s), 0 error(s), 0 left on base; Philadelphia 1776 11 - Hartford 2
This league is powered by Out of the Park Baseball, the baseball management simulation game for PC, Mac and Linux
Monday, October 3rd, 2016 - OOTP Baseball 16.9 Build 39